 Dungeon Crawl Stone Soup version 0.21.1-1-g345015f (webtiles) character file.

133 sking99 the Insei (level 5, -2/33 HPs)
             Began as an Octopode Transmuter on June 21, 2018.
             Slain by a worker ant (7 damage)
             ... on level 3 of the Dungeon.
             The game lasted 00:12:04 (2967 turns).

sking99 the Insei (Octopode Transmuter)             Turns: 2967, Time: 00:12:05

Health: -2/33      AC:  1    Str: 10    XL:     5   Next: 16%
Magic:  1/8        EV: 13    Int: 16    God:
Gold:   131        SH:  0    Dex: 12    Spells: 3/9 levels left

rFire    . . .     SeeInvis .     - Unarmed
rCold    . . .     Gourm    .   (no shield)
rNeg     . . .     Faith    .   (helmet restricted)
rPois    .         Spirit   .   (no amulet)
rElec    .         Reflect  .   (no ring)
rCorr    .         Harm     .   (no ring)
MR       .....                  (no ring)
Stlth    +++.......             (no ring)
HPRegen  0.11/turn              (no ring)
MPRegen  0.11/turn              (no ring)
                                (no ring)
                                (no ring)

@: lethally poisoned (-2 -> -16), very slightly contaminated
A: almost no armour, stealthy swim, amphibious, 8 rings, constrict 8, camouflage
1, gelatinous body 1
a: no special abilities


You were on level 3 of the Dungeon.
You were hungry.

You visited 1 branch of the dungeon, and saw 4 of its levels.

You collected 131 gold pieces.

Inventory:

Missiles
 a - 28 arrows (quivered)
Wands
 k - a wand of flame (30)
Scrolls
 e - a scroll of remove curse {unknown}
 f - a scroll of noise {unknown}
 g - 2 scrolls of enchant weapon {unknown}
 h - 2 scrolls of teleportation {unknown}
 i - 3 scrolls of fog {unknown}
 m - a scroll of enchant armour {unknown}
 p - a scroll of amnesia {unknown}
 q - a scroll of fear {unknown}
 r - 2 scrolls of identify {unknown}
Potions
 d - 2 potions of curing {unknown}
 j - a potion of mutation {unknown}
 l - a potion of flight {unknown}
 n - 2 potions of berserk rage {unknown}
 o - 2 potions of lignification {unknown}
Books
 b - a book of Changes

   Spells                             Type                      Level
   a - Beastly Appendage              Transmutation                1
   b - Sticks to Snakes               Transmutation                2
   c - Spider Form                    Transmutation/Poison         3
   d - Ice Form                       Ice/Transmutation            4
   e - Blade Hands                    Transmutation                5
Comestibles
 c - 4 rations


   Skills:
 + Level 1.5 Fighting
 + Level 2.5 Dodging
 + Level 2.0 Stealth
 * Level 3.8 Unarmed Combat
 + Level 2.5 Spellcasting
 + Level 2.8 Transmutations
 - Level 1.1 Poison Magic


You had 3 spell levels left.
You knew the following spells:

 Your Spells              Type           Power        Failure   Level  Hunger
a - Spider Form           Tmut/Pois      #.........   26%         3    ###....
b - Sticks to Snakes      Tmut           ##......     9%          2    ##.....
c - Beastly Appendage     Tmut           ##....       6%          1    #......


Dungeon Overview and Level Annotations

Branches:
Dungeon (4/15)
 Temple: D:4-7

Altars:
Ashenzari
Dithmenos
Vehumet

Annotations:
D:4 empire's ghost, novice MiFi


Innate Abilities, Weirdness & Mutations

You cannot wear most types of armour.
You are very stealthy in the water. (Stealth+)
You are amphibious.
You can wear up to eight rings at the same time.
You can use your tentacles to constrict eight enemies at once.
Your skin changes colour to match your surroundings (Stealth+).
Your rubbery body absorbs attacks. (AC +1, EV +1)


Message History

The worker ant is lightly wounded.
You feel sick. The worker ant barely misses you.
You tentacle-slap the worker ant. You grab the worker ant.
You squeeze the worker ant!
The worker ant is severely wounded.
You constrict the worker ant.
You feel sick.
The worker ant bites you but does no damage.
You tentacle-slap the worker ant but do no damage.
Your squeeze misses the worker ant.
The worker ant is almost dead.
You constrict the worker ant. The worker ant bites you.
* * * LOW HITPOINT WARNING * * *
You are more poisoned.
The worker ant poisons you!
You tentacle-slap the worker ant but do no damage.
The worker ant is almost dead.
You constrict the worker ant, but do no damage.
* * * LOW HITPOINT WARNING * * *
You feel sick. The worker ant bites you!
You die...

#...###.#### #...###.# .....##.#
........# ........# #######
.......####### #.....#
.....#####...###.###.# #...##
#.###.##.#...# #...# #.#
#...@..#.# #####
#.###.##a###.########### #
#######[..###...............# #
#........## ########..##.#..# #
#.###.#.## #..##.#..# #
#.##.....# ########..#..#..#
####.##..#..# #.....##..#.##..#
.....)......####.....##........#
..................>..#####.#####


You could see a worker ant.

Vanquished Creatures
  The ghost of empire the Conjurer, a weakling DrCj (D:3)
  A bullfrog zombie (D:2)
  An adder (D:2)
  A worm (D:2)
  2 dart slugs (D:1)
  4 leopard geckos
  2 bats
  3 giant cockroaches
  5 goblins
  6 hobgoblins
  8 kobolds
  4 frilled lizards
  3 rats
41 creatures vanquished.

Vanquished Creatures (others)
  7 toadstools (D:1)
7 creatures vanquished.

Grand Total: 48 creatures vanquished

Notes
Turn   | Place    | Note
-------+----------+-------------------------------------------
     0 | D:1      | sking99 the Octopode Transmuter began the quest for the Orb.
     0 | D:1      | Reached XP level 1. HP: 13/13 MP: 3/3
   314 | D:1      | Reached XP level 2. HP: 18/18 MP: 5/5
   422 | D:1      | Learned a level 2 spell: Sticks to Snakes
   716 | D:1      | Reached XP level 3. HP: 23/23 MP: 6/6
   816 | D:2      | Learned a level 3 spell: Spider Form
   821 | D:2      | Found a radiant altar of Vehumet.
  1055 | D:2      | Reached skill level 1 in Stealth
  1055 | D:2      | Reached skill level 1 in Poison Magic
  1055 | D:2      | Reached XP level 4. HP: 15/28 MP: 1/7
  1862 | D:2      | Found a shattered altar of Ashenzari.
  2636 | D:3      | Noticed empire's ghost (weakling DrCj)
  2665 | D:3      | Killed empire's ghost
  2665 | D:3      | Reached XP level 5. HP: 26/33 MP: 5/8
  2714 | D:3      | Found a shadowy altar of Dithmenos.
  2916 | D:4      | Noticed an ogre
  2955 | D:4      | Noticed empire's ghost (novice MiFi)
  2967 | D:3      | Slain by a worker ant

Skill      XL: |  1  2  3  4 |
---------------+-------------+-----
Stealth        | 1 2 |  2.0
Poison Magic   | 1 |  1.1
Fighting       | |  1.5
Dodging        | |  2.5
Unarmed Combat | |  3.8
Spellcasting   | |  2.5
Transmutations | |  2.8

Action                   |  1- 3 |  4- 6 || total
-------------------------+-------+-------++-------
Melee: Unarmed           |    61 |    54 ||   115
       Constrict         |    10 |     3 ||    13
       Tentacles         |     9 |     3 ||    12
       Punch             |     1 |       ||     1
 Cast: Spider Form       |     3 |    13 ||    16
       Sticks to Snakes  |       |     3 ||     3
 Stab: Sleeping          |     4 |     4 ||     8
  Eat: Chunk             |     1 |     4 ||     5
       Ration            |       |     1 ||     1
Armor: Skin              |     1 |     1 ||     2
Dodge: Dodged            |    22 |    30 ||    52
